 Dungeon Crawl Stone Soup version 0.28-a0-10-g964c8b829e (webtiles) character file.

Game seed: 2320630187738336339

682 wakim the Digger (level 7, -4/36 HPs)
             Began as a Gargoyle Earth Elementalist on July 25, 2021.
             Killed by divine providence
             ... invoked by an orc priest
              (13 damage)
             ... on level 6 of the Dungeon.
             The game lasted 00:13:26 (4663 turns).

wakim the Digger (Gargoyle Earth Elementalist)      Turns: 4663, Time: 00:13:26

Health: -4/36      AC:  8    Str: 12    XL:     7   Next: 61%
Magic:  5/11       EV: 12    Int: 17    God:
Gold:   155        SH:  0    Dex: 10    Spells: 6/12 levels left

rFire   . . .      SeeInvis .   c - staff of conjuration
rCold   . . .      Faith    .   (no shield)
rNeg    + . .      Spirit   .   h - +0 robe
rPois   ∞          Reflect  .   (no helmet)
rElec   +          Harm     .   d - +1 cloak {Will+}
rCorr   .          Rampage  .   (no gloves)
Will    +....                   (no boots)
Stlth   ++........              (no amulet)
HPRegen 0.12/turn               (no ring)
MPRegen 0.12/turn               (no ring)

@: very slightly contaminated
A: sickness immunity, AC +4, negative energy resistance 1, electricity
resistance, torment resistance 1, petrification resistance
a: no special abilities


You were on level 6 of the Dungeon.
You visited 1 branch of the dungeon, and saw 5 of its levels.

You collected 155 gold pieces.

Inventory:

Hand Weapons
 a - a +0 short sword of speed
 b - a +0 dagger of venom
Missiles
 s - 75 stones
Armour
 d - a +1 cloak of willpower (worn)
 h - a +0 robe (worn)
Magical Staves
 c - a staff of conjuration (weapon)
Wands
 t - a wand of digging (2)
 x - a wand of iceblast (7)
Scrolls
 r - 3 scrolls of identify
Potions
 F - a potion of curing
 M - a potion of mutation {!q}


   Skills:
 + Level 3.6 Dodging
 - Level 2.1 Stealth
 - Level 3.0 Spellcasting
 - Level 3.0 Conjurations
 - Level 0.7 Transmutations
 * Level 7.8 Earth Magic


You had 6 spell levels left.
You knew the following spells:

 Your Spells              Type           Power      Damage    Failure   Level
a - Sandblast             Erth           58%        2d13      1%          1
q - Passwall              Tmut/Erth      14%        N/A       4%          2
x - Stone Arrow           Conj/Erth      62%        3d10      6%          3

Your spell library contained the following spells:

 Spells                   Type           Power      Damage    Failure   Level
 Petrify                  Tmut/Erth      17%        N/A       30%         4
 Leda's Liquefaction      Hex/Erth       7%         N/A       34%         4
 Call Canine Familiar     Summ           2%         N/A       45%         3
 Portal Projectile        Hex/Tloc       4%         N/A       45%         3


Dungeon Overview and Level Annotations

Branches:
Dungeon (4/15)
 Temple: D:4-7

Altars:
Ashenzari
Kikubaaqudgha
Yredelemnul

Shops:
D:3 *   D:4 ([=[

Annotations:
D:3 2 transporters, funkygono's ghost, amateur GrFE


Innate Abilities, Weirdness & Mutations

You are immune to sickness and miasma.
Your stone body is resilient. (AC +4)
You are immune to poison.
You resist negative energy. (rN+)
You are resistant to electric shocks. (rElec)
You are resistant to unholy torment.
You are immune to petrification.


Message History

Press: ? - help, Shift-Dir - straight line A rock wall.
Okay, then.
Casting: Stone Arrow (dangerous; 6% risk of failure)
Confirm with . or Enter, or press ? or * to list all spells.
Aiming: Passwall (safe; 4% risk of failure)
Press: ? - help, Dir - move target A rock wall.
You miscast Passwall.
You are very lightly contaminated with residual magic.
Nothing appears to happen.
The orc closely misses you.
Casting: Passwall (safe; 4% risk of failure)
Confirm with . or Enter, or press ? or * to list all spells.
Aiming: Passwall (safe; 4% risk of failure)
Press: ? - help, Dir - move target A rock wall.
This rock feels extremely deep.
The orc barely misses you.
Unknown command.
Casting: Passwall (safe; 4% risk of failure)
Confirm with . or Enter, or press ? or * to list all spells.
Aiming: Passwall (safe; 4% risk of failure)
Press: ? - help, Dir - move target A rock wall.
This rock feels extremely deep.
The orc barely misses you.
Unknown command.
Okay, then.
Aiming: Dig
Press: ? - help, Shift-Dir - straight line A rock wall.
The rock shatters into small pieces.
The orc hits you but does no damage.
The orc priest calls down the wrath of Beogh upon you.
Beogh smites you!
* * * LOW HITPOINT WARNING * * *
The ogre misses you.
The ufetubus shouts!
The orc hits you with a +0 club.
* * * LOW HITPOINT WARNING * * *
The orc priest invokes the aid of Beogh against you.
Beogh smites you!
You die...

### #####.##
########cooo..#
#....O.oh###.##
...####@### #.#
#.# #h# #.# #.#
#.# #c#
#.#####o###
#.......o.#######
.5........h.....##
...#.......c......
## #.####.oo......


You could see an ogre, a centaur, a hound, an orc priest, 3 orcs and an
ufetubus.

Vanquished Creatures
  Menkaure (D:4)
  Duvessa (D:4)
  A necrophage (D:4)
  Dowan (D:4)
  A scorpion (D:4)
  A wyvern skeleton (D:4)
  A hound (D:3)
  3 gnolls (D:3)
  6 adders (D:2)
  An adder skeleton (D:4)
  7 dart slugs
  3 orcs (D:4)
  5 ball pythons
  3 endoplasms (D:1)
  4 giant cockroaches
  10 goblins
  7 hobgoblins
  6 jackals
  4 quokkas
  3 bats
  3 frilled lizards
  6 kobolds
  4 rats
82 creatures vanquished.

Vanquished Creatures (others)
  2 fungi (D:3)
  A plant (D:3)
3 creatures vanquished.

Grand Total: 85 creatures vanquished

Notes
Turn   | Place    | Note
-------+----------+-------------------------------------------
     0 | D:1      | wakim the Gargoyle Earth Elementalist began the quest for
                  | the Orb.
     0 | D:1      | Reached XP level 1. HP: 10/10 MP: 3/3
   295 | D:1      | Reached skill level 4 in Earth Magic
   295 | D:1      | Reached XP level 2. HP: 15/15 MP: 5/5
   648 | D:1      | Reached XP level 3. HP: 9/19 MP: 4/6
   652 | D:1      | Learned a level 3 spell: Stone Arrow
   655 | D:1      | Learned a level 2 spell: Passwall
  1287 | D:2      | Found a faded altar of an unknown god.
  1291 | D:2      | You fall into a shaft and drop 2 floors!
  1291 | D:4      | Found a broken altar of Ashenzari.
  1291 | D:4      | Found Odghev's Armour Boutique.
  1302 | D:4      | Reached skill level 5 in Earth Magic
  1339 | D:4      | Noticed Duvessa
  1358 | D:4      | Noticed Dowan
  1520 | D:3      | Found a transporter.
  1520 | D:3      | Noticed funkygono's ghost (amateur GrFE)
  1601 | D:2      | Reached XP level 4. HP: 24/24 MP: 5/7
  1730 | D:2      | Found a broken altar of Ashenzari.
  1847 | D:2      | Identified a scroll of acquirement
  1847 | D:2      | Acquired a +0 cloak of willpower
  2623 | D:2      | Reached XP level 5. HP: 28/28 MP: 8/8
  2691 | D:3      | Found an ancient bone altar of Kikubaaqudgha.
  2731 | D:3      | Found Uxty's General Store.
  2780 | D:3      | Reached skill level 6 in Earth Magic
  3000 | D:3      | Found a transporter.
  3095 | D:3      | Reached skill level 1 in Conjurations
  3216 | D:4      | Found Wickeren's Jewellery Shoppe.
  3285 | D:4      | Reached XP level 6. HP: 32/32 MP: 2/9
  3363 | D:4      | Noticed a necrophage
  3368 | D:4      | Killed a necrophage
  3765 | D:4      | Found Oxau's Antique Weapon Boutique.
  3919 | D:4      | Killed Duvessa
  3920 | D:4      | Reached skill level 7 in Earth Magic
  3920 | D:4      | Reached XP level 7. HP: 36/36 MP: 3/11
  3922 | D:4      | Killed Dowan
  4140 | D:4      | Found a basalt altar of Yredelemnul.
  4140 | D:4      | Noticed Menkaure
  4300 | D:4      | Killed Menkaure
  4455 | D:4      | Found Etreuli's Antique Armour Shoppe.
  4639 | D:4      | You fall into a shaft and drop 2 floors!
  4663 | D:6      | Killed from afar by an orc priest

Illustrated notes

Levels and vault maps discovered:
D:1:      wheals_arrival_shading, layout_loops_ring
D:2:      layout_basic, dreamdust_ecumenical_altar_statues, basic_altar,
          hangedman_decor_points, lightli_corner_chamber
D:3:      layout_basic, mainiacjoe_overflow_boulevard, gammafunk_ghost_arena,
          serial_shops, nicolae_diamond_shop
D:4:      layout_gridville, kennysheep_mini, ashenzari_altar_1, serial_shops,
          nicolae_shop_overgrown_old_shop, shop_statue, shop, shop,
          nicolae_shop_temple_entry_statues_fountains,
          kennysheep_generic_room_9, uniq_menkaure, uniq_duvessa
D:6:      layout_loops_ring, elyvilon_altar_4, minmay_temple_entry_statues,
          dk_rats_in_the_wall, uniq_sigmund

Skill      XL: |  1  2  3  4  5  6  7 |
---------------+----------------------+-----
Earth Magic    | 4 5 6 7 |  7.8
Dodging        | 2 3 |  3.6
Conjurations   | 1 2 3 |  3.0
Spellcasting   | 3 |  3.0
Stealth        | |  2.1
Transmutations | |  0.7

Action                   |  1- 3 |  4- 6 |  7- 9 || total
-------------------------+-------+-------+-------++-------
Melee: Short sword       |    90 |   123 |     2 ||   215
       Staff             |       |     7 |    14 ||    21
 Cast: Sandblast         |    13 |    33 |     7 ||    53
       Stone Arrow       |       |     9 |     6 ||    15
       Passwall          |       |       |     2 ||     2
Evoke: Wand              |       |       |     1 ||     1
  Use: Scroll            |       |     7 |       ||     7
 Stab: Sleeping          |     4 |       |       ||     4
       Distracted        |     1 |       |       ||     1
Armor: Robe              |    18 |    59 |    12 ||    89
Dodge: Dodged            |    39 |    83 |    22 ||   144

Table legend: (Time is in decaauts)
 A = Elapsed time spent in this place.
 B = Non-inter-level travel time spent in this place.
 C = Inter-level travel time spent in this place.
 D = Time resting spent in this place.
 E = Time spent auto-exploring this place.
 F = Levels seen in this place.
 G = Mean time per level.
                   A        B        C        D        E       F      G
               +--------+--------+--------+--------+--------+-----+--------+
         Total |   4613 |   4479 |    134 |    381 |   3295 |   5 |  922.6 |
       Dungeon |   4613 |   4479 |    134 |    381 |   3295 |   5 |  922.6 |
               +--------+--------+--------+--------+--------+-----+--------+

Top non-repeatable levels by time:
     D:4: 1202 daAuts
     D:2: 1194 daAuts
     D:1: 1153 daAuts
     D:3: 1039 daAuts
     D:6: 23 daAuts
